Map: Romanticide LE

Players

Rogue - Winner!

  • Race: Zerg Zerg
  • Spawn Location: 5:00

PartinG

  • Race: Protoss Protoss
  • League: Grandmaster
  • Spawn Location: 11:00

VOD

Have the link to the VOD?

Description

Time

  • Played on: Jan. 13, 2021, 11:35 a.m.
  • Length: 10:16
Show
View Real Time Build Order
Export as new Build Order

Rogue Zerg - Winner!

Build Orders: Hatch First 

Get SALT Encoding   

  12  0:00  Drone  
  13  0:11  Overlord  
  13  0:16  Drone  
  14  0:30  Drone x2  
  16  0:47  Drone x2  
  18  0:54  Hatchery  
  18  0:57  Drone  
  18  1:02  Extractor  
  17  1:14  Spawning Pool  
  17  1:15  Drone  
  17  1:19  Drone  
  18  1:28  Drone  
  19  1:38  Drone  
  20  1:52  Hatchery  
  19  1:55  Drone  
  19  2:00  Zergling x2  
  21  2:02  Metabolic Boost  
  21  2:13  Queen  
  23  2:15  Drone  
  23  2:19  Drone  
  25  2:24  Overlord  
  25  2:31  Queen  
  25  2:34  Drone  
  28  2:43  Zergling x2  
  30  2:44  Zergling x2  
  30  2:45  Drone x2  
  30  2:48  Drone  
  33  2:53  Drone  
  33  2:55  Queen  
  36  3:04  Queen  
  38  3:06  Drone x2  
  38  3:11  Overlord  
  40  3:13  Drone  
  40  3:15  Drone  
  42  3:26  Overlord  
  42  3:30  Drone x3  
  42  3:33  Drone  
  46  3:36  Queen  
  46  3:38  Drone  
  46  3:40  Roach Warren  
  48  3:42  Extractor  
  48  3:44  Drone x2  
  49  3:49  Drone x3  
  49  3:50  Evolution Chamber  
  49  3:53  Overlord  
  49  3:54  Overlord  
  52  4:05  Spore Crawler  
  52  4:07  Spore Crawler  
  52  4:08  Spore Crawler  
  49  4:10  Drone  
  49  4:11  Drone x2  
  49  4:12  Drone x2  
  54  4:17  Zerg Melee Weapons Level 1  
  54  4:18  Drone x2  
  54  4:20  Drone  
  54  4:24  Drone x2  
  59  4:28  Drone x3  
  62  4:33  Drone, Baneling Nest  
  62  4:36  Drone x2  
  62  4:37  Drone  
  65  4:41  Drone  
  65  4:44  Overlord x2  
  66  4:48  Overlord  
  66  4:51  Lair  
  66  5:03  Zergling x12  
  66  5:04  Drone  
  66  5:05  Drone x4  
  76  5:11  Extractor  
  76  5:12  Extractor  
  76  5:13  Extractor  
  73  5:16  Drone x6  
  79  5:29  Queen, Hatchery  
  79  5:34  Zergling x6  
  82  5:35  Drone  
  82  5:36  Drone x3  
  82  5:41  Zergling x6  
  89  5:47  Overlord x2  
  89  5:48  Overlord  
  89  5:52  Centrifical Hooks  
  89  5:54  Overseer  
  89  5:55  Hydralisk Den  
  88  5:57  Drone  
  88  5:58  Overlord  
  89  6:05  Overlord  
  89  6:12  Pneumatized Carapace  
  89  6:16  Overlord  
  89  6:18  Drone x3  
  89  6:20  Extractor  
  91  6:30  Grooved Spines, Hydralisk x10  
  110  6:40  Hydralisk  
  110  6:41  Hydralisk  
  110  6:43  Drone x4  
  118  6:48  Hydralisk x2  
  118  6:49  Hydralisk x2  
  125  6:56  Hydralisk x2  
  125  6:58  Drone x5  
  134  7:04  Hydralisk x2  
  138  7:13  Hydralisk x2  
  138  7:14  Overlord x4  
  138  7:15  Drone  
  143  7:18  Drone  
  143  7:21  Extractor, Drone x2  
  143  7:22  Extractor  
  142  7:26  Drone  
  142  7:29  Overlord  
  143  7:33  Zergling x2  
  143  7:34  Zergling x10  
  143  7:35  Drone  
  149  7:40  Extractor  
  149  7:41  Zergling x12  
  149  7:42  Extractor  
  145  7:46  Drone x4  
  145  7:48  Muscular Augments  
  149  7:52  Drone x3  
  149  7:53  Drone  
  152  7:59  Zergling x2  
  152  8:00  Zergling x2  
  152  8:04  Drone  
  155  8:06  Overlord  
  155  8:10  Zergling x2  
  155  8:11  Zergling x18  
  165  8:12  Overlord  
  165  8:22  Zergling x16  
  173  8:27  Evolution Chamber  
  173  8:28  Hatchery, Infestation Pit, Baneling x17  
  173  8:29  Baneling  
  173  8:31  Zergling x4  
  172  8:35  Zergling x4  
  172  8:38  Zergling x2  
  175  8:47  Zergling x2  
  175  8:48  Baneling x7  
  174  8:49  Zergling x2, Baneling x14  
  174  8:50  Zergling x12  
  174  8:53  Zergling x2  
  174  8:54  Zergling x10  
  181  8:58  Zergling x2  
  181  9:01  Zergling x2  
  176  9:08  Zergling x22  
  185  9:11  Zergling x2  
  178  9:17  Baneling  
  178  9:18  Hydralisk, Baneling x18  
  178  9:19  Hydralisk  
  178  9:21  Zergling x2  
  180  9:30  Zergling x2  
  180  9:31  Zergling x12  
  179  9:39  Baneling x7  
  179  9:40  Baneling x11  
  179  9:43  Zergling x12  
  177  9:50  Zergling x16  
  173  9:53  Zergling x4  
  173  9:54  Zergling x2  
  173  9:56  Zergling x4  
  173  9:57  Zergling x2  
Show
View Real Time Build Order
Export as new Build Order

PartinG Protoss 

Build Orders: 1 Gate Expand, Oracle Opening 

Get SALT Encoding   

  12  0:00  Probe  
  13  0:14  Pylon  
  13  0:17  Probe (Chrono Boost)  
  14  0:28  Probe (Chrono Boost)  
  15  0:32  Probe (Chrono Boost)  
  16  0:41  Gateway  
  16  0:44  Probe  
  16  0:49  Assimilator  
  17  0:56  Probe  
  18  1:08  Probe  
  19  1:20  Probe  
  20  1:28  Nexus  
  20  1:35  Cybernetics Core  
  20  1:37  Probe  
  21  1:43  Assimilator  
  21  1:49  Probe  
  21  1:52  Pylon  
  22  2:01  Probe  
  22  2:08  Adept (Chrono Boost)  
  23  2:11  Warp Gate  
  23  2:13  Probe  
  26  2:25  Probe  
  27  2:31  Stargate  
  29  2:38  Stalker, Probe (Chrono Boost)  
  29  2:41  Probe (Chrono Boost)  
  31  2:49  Probe (Chrono Boost)  
  33  2:51  Probe (Chrono Boost)  
  33  2:54  Probe (Chrono Boost)  
  33  2:56  Probe (Chrono Boost)  
  35  2:59  Gateway  
  35  3:04  Probe  
  35  3:05  Void Ray (Chrono Boost)  
  36  3:08  Probe  
  37  3:17  Probe  
  42  3:20  Probe  
  42  3:22  Pylon  
  43  3:29  Probe  
  43  3:32  Probe  
  45  3:38  Oracle (Chrono Boost)  
  45  3:41  Probe  
  49  3:44  Probe  
  50  3:53  Nexus  
  50  3:54  Pylon  
  50  3:56  Probe  
  50  3:58  Probe  
  52  4:05  Assimilator  
  52  4:07  Assimilator  
  52  4:08  Probe  
  53  4:10  Probe  
  53  4:14  Stargate  
  53  4:16  Shield Battery  
  54  4:21  Probe (Chrono Boost)  
  54  4:22  Probe (Chrono Boost)  
  54  4:23  Void Ray  
  56  4:28  Pylon  
  60  4:34  Probe (Chrono Boost)  
  62  4:38  Probe (Chrono Boost)  
  62  4:43  Pylon  
  62  4:44  Probe (Chrono Boost)  
  62  4:46  Probe  
  62  4:47  Twilight Council  
  62  4:51  Pylon  
  64  4:53  Forge  
  64  4:59  Void Ray (Chrono Boost)  
  64  5:00  Probe x2  
  64  5:02  Void Ray (Chrono Boost)  
  64  5:05  Probe  
  71  5:12  Probe x2  
  77  5:17  Probe  
  78  5:24  Probe  
  78  5:26  Gateway x2, Charge  
  78  5:28  Protoss Ground Weapons Level 1  
  79  5:31  Probe  
  79  5:32  Probe  
  81  5:35  Assimilator  
  81  5:36  Probe  
  81  5:37  Assimilator  
  82  5:43  Gateway  
  82  5:44  Gateway  
  82  5:48  Templar Archives  
  82  5:51  Probe  
  82  5:52  Probe x2  
  82  5:56  Gateway, Void Ray (Chrono Boost)  
  85  5:58  Gateway  
  85  6:03  Void Ray (Chrono Boost)  
  85  6:06  Probe  
  85  6:07  Probe x2  
  92  6:17  Pylon x2  
  96  6:18  Probe  
  96  6:19  Probe  
  96  6:23  Psionic Storm  
  98  6:28  Probe  
  98  6:31  Probe x2  
  101  6:36  Gateway  
  101  6:37  Gateway  
  101  6:43  Zealot, High Templar x2  
  101  6:44  Zealot x2  
  111  6:54  Probe  
  111  6:55  Robotics Facility, Probe x2  
  111  6:57  Stalker  
  116  7:10  Robotics Facility  
  116  7:12  Pylon x2  
  116  7:13  High Templar  
  116  7:14  High Templar  
  116  7:15  Pylon  
  117  7:19  Pylon  
  117  7:21  Zealot x2, Photon Cannon  
  117  7:22  Shield Battery  
  115  7:24  Zealot  
  116  7:30  Pylon  
  116  7:32  Zealot  
  116  7:33  Zealot x4  
  126  7:41  Probe  
  126  7:42  Probe x2  
  126  7:43  Pylon  
  127  7:45  Observer  
  127  7:51  High Templar x3  
  134  7:57  Pylon  
  134  8:02  Immortal  
  134  8:03  Pylon  
  134  8:05  Pylon  
  138  8:06  Warp Prism  
  140  8:15  Zealot x7  
  154  8:23  Fleet Beacon, Pylon  
  154  8:26  Nexus  
  154  8:30  High Templar x2  
  158  8:40  Pylon  
  132  8:58  High Templar x3  
  114  9:05  Zealot x7  
  114  9:06  Photon Cannon  
  114  9:07  Photon Cannon  
  114  9:09  Photon Cannon  
  126  9:10  Archon  
  116  9:18  Photon Cannon  
  116  9:20  Photon Cannon  
  116  9:29  Archon  
  110  9:33  Zealot x4  
  110  9:34  Zealot x2  
  110  9:35  Zealot x4  
  115  9:54  Zealot x4  
  115  9:56  Zealot x6  
Tags
 
Add a new tag
Caveats
  • Supply blocks, unpowered buildings, or Contaminate may cause inaccurate times.
  • Supply counts are checked every 10 seconds.